TOP OF THE 1ST |
Kansas City Kings batting - Pitching for Madison Bombers : RHP Claudio Segura
|
Pitching: RHP Claudio Segura
|
|
Batting: LHB Brian Boone
|
0-0: Ball 1-0: Fly out, F8 (Flyball, 89M)
|
Batting: LHB Ray Spencer
|
0-0: Called Strike 0-1: Ball 1-1: Called Strike 1-2: Ball 2-2: Ball 3-2: Strikes out swinging
|
Batting: RHB Toshimichi Kono
|
0-0: SINGLE (Line Drive, 4D)
|
Batting: LHB Pablo Reyes
|
0-0: Ball 1-0: Foul Ball, location: 2F 1-1: Ball 2-1: Fly out, F9 (Flyball, 9LM)
|
Top of the 1st over - 0 run(s), 1 hit(s), 0 error(s), 1 left on base; Kansas City 0 - Madison 0 |
BOTTOM OF THE 1ST |
Madison Bombers batting - Pitching for Kansas City Kings : RHP Ron Young
|
Pitching: RHP Ron Young
|
|
Batting: LHB Robin Hill
|
0-0: Called Strike 0-1: Ground out 6-3 (Groundball, 6M)
|
Batting: RHB Alonso Holguín
|
0-0: Ball 1-0: Fly out, F9 (Flyball, 9M)
|
Batting: LHB Seung-chun Mun
|
0-0: Called Strike 0-1: Ball 1-1: Swinging Strike 1-2: Ball 2-2: Strikes out swinging
|
Bottom of the 1st over - 0 run(s), 0 hit(s), 0 error(s), 0 left on base; Kansas City 0 - Madison 0 |
TOP OF THE 2ND |
Kansas City Kings batting - Pitching for Madison Bombers : RHP Claudio Segura
|
Batting: RHB Chris Chandler
|
0-0: Fly out, F6 (Line Drive, 6)
|
Batting: SHB Víctor Serrano
|
0-0: Called Strike 0-1: Ground out 3-1 (Groundball, 34)
|
Batting: LHB Ethan Marshall
|
0-0: DOUBLE (Flyball, 9D)
|
Batting: RHB Dave Parker
|
0-0: Ball 1-0: Called Strike 1-1: Called Strike 1-2: DOUBLE (Flyball, 7LS) Ethan Marshall scores
|
Batting: RHB Matt Richards
|
0-0: Ball 1-0: Swinging Strike 1-1: Ball 2-1: Ball 3-1: Foul Ball, location: 2F 3-2: Base on Balls
|
Batting: LHB Brian Boone
|
0-0: Ball 1-0: Ball 2-0: SINGLE (Line Drive, 4D) Dave Parker to third Matt Richards to second Runner from 3rd tries for Home, SAFE, no throw or cutoff
|
Batting: LHB Ray Spencer
|
0-0: Ball 1-0: Called Strike 1-1: Ground out 4-3 (Groundball, 34)
|
Top of the 2nd over - 2 run(s), 3 hit(s), 0 error(s), 2 left on base; Kansas City 2 - Madison 0 |
BOTTOM OF THE 2ND |
Madison Bombers batting - Pitching for Kansas City Kings : RHP Ron Young
|
Batting: LHB Mike Callahan
|
0-0: Ball 1-0: Called Strike 1-1: Ball 2-1: Foul Ball, location: 2F 2-2: Ball 3-2: Foul Ball, location: 2F 3-2: Foul Ball, location: 2F 3-2: Strikes out looking
|
Batting: RHB Vicente Aguirre
|
0-0: Swinging Strike 0-1: Swinging Strike 0-2: Ball 1-2: Ball 2-2: Strikes out swinging passed ball, reaches first!
|
Batting: RHB Sergio Márquez
|
0-0: Ball 1-0: Swinging Strike 1-1: DOUBLE (Line Drive, 7D) Vicente Aguirre to third
|
Batting: RHB Quinton Martínez
|
0-0: Ball 1-0: Fly out, F8 (Flyball, 8RS)
|
Batting: SHB Dave MacThomas
|
0-0: Called Strike 0-1: Called Strike 0-2: Ground out U3 (Groundball, 3L)
|
Bottom of the 2nd over - 0 run(s), 1 hit(s), 0 error(s), 2 left on base; Kansas City 2 - Madison 0 |
TOP OF THE 3RD |
Kansas City Kings batting - Pitching for Madison Bombers : RHP Claudio Segura
|
Batting: RHB Toshimichi Kono
|
0-0: Ball 1-0: Called Strike 1-1: Ball 2-1: Ground out 6-3 (Groundball, 6)
|
Batting: LHB Pablo Reyes
|
0-0: Ball 1-0: Ball 2-0: Called Strike 2-1: Ball 3-1: Ground out 6-3 (Groundball, 6)
|
Batting: RHB Chris Chandler
|
0-0: Called Strike 0-1: Ball 1-1: Ball 2-1: Ball 3-1: Fly out, F3 (Popup, 3F)
|
Top of the 3rd over - 0 run(s), 0 hit(s), 0 error(s), 0 left on base; Kansas City 2 - Madison 0 |
BOTTOM OF THE 3RD |
Madison Bombers batting - Pitching for Kansas City Kings : RHP Ron Young
|
Batting: RHB Guo-xiu Choi
|
0-0: SINGLE (Line Drive, 4M)
|
Batting: LHB Robin Hill
|
0-0: Foul Ball, location: 2F 0-1: Ball 1-1: Ball 2-1: Foul Ball, location: 2F 2-2: Ball 3-2: Ground out 1-3 (Groundball, 13S) Guo-xiu Choi to second
|
Batting: RHB Alonso Holguín
|
0-0: Called Strike 0-1: Foul Ball, location: 2F 0-2: Ground out 5-3 (Groundball, 56)
|
Batting: LHB Seung-chun Mun
|
0-0: Called Strike 0-1: Swinging Strike 0-2: Ball 1-2: Strikes out swinging
|
Bottom of the 3rd over - 0 run(s), 1 hit(s), 0 error(s), 1 left on base; Kansas City 2 - Madison 0 |
TOP OF THE 4TH |
Kansas City Kings batting - Pitching for Madison Bombers : RHP Claudio Segura
|
Batting: SHB Víctor Serrano
|
0-0: Ball 1-0: Ball 2-0: Foul Ball, location: 2F 2-1: SINGLE (Groundball, 6MD)
|
Batting: LHB Ethan Marshall
|
0-0: Fly out, F9 (Flyball, 9LS)
|
Batting: RHB Dave Parker
|
0-0: Ball 1-0: Ball 2-0: Foul Ball, location: 2F 2-1: Swinging Strike 2-2: Foul Ball, location: 2F 2-2: Foul Ball, location: 2F 2-2: Strikes out swinging
|
Batting: RHB Matt Richards
|
0-0: Called Strike 0-1: Ball 1-1: Ball 2-1: Ball 3-1: Reached on error, E6 (Groundball, 6) Víctor Serrano to second
|
Batting: LHB Brian Boone
|
0-0: Ball 1-0: Fielders Choice at 2nd, 5-4 (Groundball, 56)
|
Top of the 4th over - 0 run(s), 1 hit(s), 1 error(s), 1 left on base; Kansas City 2 - Madison 0 |
BOTTOM OF THE 4TH |
Madison Bombers batting - Pitching for Kansas City Kings : RHP Ron Young
|
Batting: LHB Mike Callahan
|
0-0: Foul Ball, location: 2F 0-1: Called Strike 0-2: Ball 1-2: Ball 2-2: Foul Ball, location: 2F 2-2: Ball 3-2: Foul Ball, location: 2F 3-2: Strikes out looking
|
Batting: RHB Vicente Aguirre
|
0-0: Ball 1-0: Ball 2-0: Ball 3-0: Base on Balls
|
Batting: RHB Sergio Márquez
|
0-0: Fly out, F4 (Popup, 4)
|
Batting: RHB Quinton Martínez
|
0-0: SINGLE (Groundball, 4MD) Vicente Aguirre to second Runner from 2nd tries for 3rd, SAFE, throw made to third
|
Batting: SHB Dave MacThomas
|
0-0: Called Strike 0-1: Ball 1-1: Called Strike 1-2: Ball 2-2: Strikes out swinging
|
Bottom of the 4th over - 0 run(s), 1 hit(s), 0 error(s), 2 left on base; Kansas City 2 - Madison 0 |
TOP OF THE 5TH |
Kansas City Kings batting - Pitching for Madison Bombers : RHP Claudio Segura
|
Batting: LHB Ray Spencer
|
0-0: SOLO HOME RUN (Flyball, 9LD), Distance : 346 ft
|
Batting: RHB Toshimichi Kono
|
0-0: Called Strike 0-1: Ball 1-1: Ball 2-1: Fly out, F9 (Flyball, 89S)
|
Batting: LHB Pablo Reyes
|
0-0: Called Strike 0-1: Ball 1-1: Foul Ball, location: 2F 1-2: Ball 2-2: Strikes out swinging
|
Batting: RHB Chris Chandler
|
0-0: Ball 1-0: SOLO HOME RUN (Flyball, 89XD), Distance : 381 ft
|
Batting: SHB Víctor Serrano
|
0-0: Called Strike 0-1: Ball 1-1: Ball 2-1: Foul Ball, location: 2F 2-2: Ground out 4-3 (Groundball, 34)
|
Top of the 5th over - 2 run(s), 2 hit(s), 0 error(s), 0 left on base; Kansas City 4 - Madison 0 |
BOTTOM OF THE 5TH |
Madison Bombers batting - Pitching for Kansas City Kings : RHP Ron Young
|
Batting: RHB Guo-xiu Choi
|
0-0: Foul Ball, location: 2F 0-1: Foul Ball, location: 2F 0-2: Ball 1-2: Ball 2-2: Strikes out swinging
|
Batting: LHB Robin Hill
|
0-0: Ball 1-0: Ball 2-0: Ball 3-0: Base on Balls
|
Batting: RHB Alonso Holguín
|
0-0: Swinging Strike 0-1: Ball 1-1: Swinging Strike 1-2: Ball 2-2: Fly out, F8 (Flyball, 8LM)
|
Batting: LHB Seung-chun Mun
|
0-0: Foul Ball, location: 2F 0-1: Ball 1-1: Ball 2-1: Ball 3-1: Base on Balls Robin Hill to second
|
Batting: LHB Mike Callahan
|
0-0: Ball 1-0: Ball 2-0: Foul Ball, location: 2F 2-1: Ground out 4-3 (Groundball, 4)
|
Bottom of the 5th over - 0 run(s), 0 hit(s), 0 error(s), 2 left on base; Kansas City 4 - Madison 0 |
TOP OF THE 6TH |
Kansas City Kings batting - Pitching for Madison Bombers : RHP Claudio Segura
|
Batting: LHB Ethan Marshall
|
0-0: Ball 1-0: Ball 2-0: Ball 3-0: Base on Balls
|
Pitching: LHP Dave Carbone
|
|
Batting: RHB Dave Parker
|
0-0: Called Strike 0-1: Called Strike 0-2: Ball 1-2: Ball Wild Pitch! Ethan Marshall to second 2-2: Fly out, F8 (Flyball, 8LS)
|
Batting: RHB Matt Richards
|
0-0: Called Strike 0-1: Ball 1-1: Ball 2-1: Ground out 5-3 (Groundball, 56)
|
Batting: LHB Brian Boone
|
0-0: SINGLE (Line Drive, 4) Ethan Marshall to third Runner from 3rd tries for Home, SAFE, no throw or cutoff
|
Batting: LHB Ray Spencer
|
0-0: Ball 1-0: Called Strike 1-1: Called Strike Brian Boone steals 2nd base 1-2: Foul Ball, location: 2F 1-2: SINGLE (Groundball, 4MD) Brian Boone to third Runner from 3rd tries for Home, SAFE, no throw or cutoff
|
Batting: RHB Toshimichi Kono
|
0-0: Ball 1-0: Foul Ball, location: 2F 1-1: Ball 2-1: Foul Ball, location: 2F 2-2: Fly out, F8 (Flyball, 8RS)
|
Top of the 6th over - 2 run(s), 2 hit(s), 0 error(s), 1 left on base; Kansas City 6 - Madison 0 |
BOTTOM OF THE 6TH |
Madison Bombers batting - Pitching for Kansas City Kings : RHP Ron Young
|
Batting: RHB Vicente Aguirre
|
0-0: Ball 1-0: Ball 2-0: Ball 3-0: Called Strike 3-1: Base on Balls
|
Batting: RHB Sergio Márquez
|
0-0: Called Strike 0-1: SINGLE (Line Drive, 89S) Vicente Aguirre to second
|
Batting: RHB Quinton Martínez
|
0-0: Ball 1-0: Called Strike 1-1: Foul Ball, location: 2F 1-2: Ball 2-2: Ball 3-2: SINGLE (Line Drive, 9S) Vicente Aguirre to third Sergio Márquez to second
|
Pitching: RHP Ray Watkins
|
|
Batting: SHB Dave MacThomas
|
0-0: Ball 1-0: Ball 2-0: Foul Ball, location: 2F 2-1: Ball 3-1: Base on Balls Vicente Aguirre scores Sergio Márquez to third Quinton Martínez to second
|
Batting: RHB Guo-xiu Choi
|
0-0: Called Strike 0-1: Called Strike 0-2: Ball 1-2: Foul Ball, location: 2F 1-2: Strikes out swinging
|
Batting: LHB Robin Hill
|
0-0: Ball 1-0: Ball 2-0: Ground out 4-3 (Groundball, 13) Sergio Márquez scores Quinton Martínez to third Dave MacThomas to second
|
Batting: RHB Alonso Holguín
|
0-0: Foul Ball, location: 2F 0-1: Called Strike 0-2: Ball 1-2: Strikes out swinging
|
Bottom of the 6th over - 2 run(s), 2 hit(s), 0 error(s), 2 left on base; Kansas City 6 - Madison 2 |
TOP OF THE 7TH |
Kansas City Kings batting - Pitching for Madison Bombers : LHP Dave Carbone
|
Batting: LHB Pablo Reyes
|
0-0: Ball 1-0: Ball 2-0: Foul Ball, location: 2F 2-1: SINGLE (Groundball, 2L) (infield hit)
|
Batting: RHB Chris Chandler
|
0-0: Ball 1-0: Swinging Strike 1-1: Ball 2-1: Swinging Strike 2-2: Fielders Choice at 2nd, 5-4 (Groundball, 5L)
|
Batting: SHB Víctor Serrano
|
0-0: Ball 1-0: Ball Chris Chandler steals 2nd base 2-0: Intentional Walk
|
Batting: LHB Ethan Marshall
|
0-0: Fly out, F6 (Popup, 56D)
|
Batting: RHB Dave Parker
|
0-0: Foul Ball, location: 2F 0-1: Foul Ball, location: 2F 0-2: Fly out, F8 (Flyball, 8LS)
|
Top of the 7th over - 0 run(s), 1 hit(s), 0 error(s), 2 left on base; Kansas City 6 - Madison 2 |
BOTTOM OF THE 7TH |
Madison Bombers batting - Pitching for Kansas City Kings : RHP Ray Watkins
|
Batting: LHB Seung-chun Mun
|
0-0: Called Strike 0-1: Ball 1-1: Ball 2-1: Foul Ball, location: 2F 2-2: Foul Ball, location: 2F 2-2: Ball 3-2: Foul Ball, location: 2F 3-2: SINGLE (Line Drive, 34)
|
Batting: LHB Mike Callahan
|
0-0: Ball 1-0: Ball 2-0: Foul Ball, location: 2F 2-1: Foul Ball, location: 2F 2-2: Ball 3-2: Base on Balls Seung-chun Mun to second
|
Batting: RHB Vicente Aguirre
|
0-0: Called Strike 0-1: SINGLE (Groundball, 3D) Seung-chun Mun to third Mike Callahan to second
|
Batting: RHB Sergio Márquez
|
0-0: Ball 1-0: Fly out, F6 (Popup, 6)
|
Batting: RHB Quinton Martínez
|
0-0: Called Strike 0-1: SINGLE (Groundball, 56D) Seung-chun Mun scores Mike Callahan to third Vicente Aguirre to second Runner from 3rd tries for Home, throw and OUT! Vicente Aguirre to third Quinton Martínez to second
|
Batting: SHB Dave MacThomas
|
0-0: Ground out 4-3 (Groundball, 4)
|
Bottom of the 7th over - 1 run(s), 3 hit(s), 0 error(s), 2 left on base; Kansas City 6 - Madison 3 |
TOP OF THE 8TH |
Kansas City Kings batting - Pitching for Madison Bombers : LHP Dave Carbone
|
Pitching: RHP Arturo Leal
|
|
Batting: RHB Matt Richards
|
0-0: Fly out, F5 (Popup, 5S)
|
Batting: LHB Brian Boone
|
0-0: Called Strike 0-1: Ball 1-1: Foul Ball, location: 2F 1-2: Foul Ball, location: 2F 1-2: SINGLE (Groundball, 6MD) (infield hit)
|
Batting: LHB Ray Spencer
|
0-0: Called Strike Brian Boone steals 2nd base 0-1: Called Strike Brian Boone steals 3rd base 0-2: Ground out 3-5 (Groundball, 3S)
|
Batting: RHB Toshimichi Kono
|
0-0: Ball 1-0: Called Strike 1-1: Ball 2-1: Fly out, F9 (Flyball, 9M)
|
Top of the 8th over - 0 run(s), 1 hit(s), 0 error(s), 1 left on base; Kansas City 6 - Madison 3 |
BOTTOM OF THE 8TH |
Madison Bombers batting - Pitching for Kansas City Kings : RHP Ray Watkins
|
Pitching: RHP Tommy Smith
|
|
Batting: RHB Guo-xiu Choi
|
0-0: Ground out 6-3 (Groundball, 6)
|
Batting: LHB Robin Hill
|
0-0: Ball 1-0: Foul Ball, location: 2F 1-1: Swinging Strike 1-2: Foul Ball, location: 2F 1-2: Ground out 1-3 (Groundball, 15S)
|
Batting: RHB Alonso Holguín
|
0-0: Ball 1-0: Foul Ball, location: 2F 1-1: Ground out 4-3 (Groundball, 4)
|
Bottom of the 8th over - 0 run(s), 0 hit(s), 0 error(s), 0 left on base; Kansas City 6 - Madison 3 |
TOP OF THE 9TH |
Kansas City Kings batting - Pitching for Madison Bombers : RHP Arturo Leal
|
Batting: LHB Pablo Reyes
|
0-0: Ball 1-0: Called Strike 1-1: Called Strike 1-2: Ball 2-2: Strikes out looking
|
Batting: RHB Chris Chandler
|
0-0: Ball 1-0: Ball 2-0: Called Strike 2-1: Ball 3-1: SINGLE (Line Drive, 8LS)
|
Batting: SHB Víctor Serrano
|
0-0: Ball 1-0: Called Strike 1-1: Ball 2-1: Ball 3-1: Foul Ball, location: 2F 3-2: Ground out 3-1 (Groundball, 34) Chris Chandler to second
|
Batting: LHB Ethan Marshall
|
0-0: Called Strike 0-1: Ground out 4-3 (Groundball, 4)
|
Top of the 9th over - 0 run(s), 1 hit(s), 0 error(s), 1 left on base; Kansas City 6 - Madison 3 |
BOTTOM OF THE 9TH |
Madison Bombers batting - Pitching for Kansas City Kings : RHP Tommy Smith
|
Pitching: RHP Alonso Jiménez
|
|
Batting: LHB Seung-chun Mun
|
0-0: Foul Ball, location: 2F 0-1: Foul Ball, location: 2F 0-2: Foul Ball, location: 2F 0-2: Foul Ball, location: 2F 0-2: Ball 1-2: Ground out U3 (Groundball, 3)
|
Batting: LHB Mike Callahan
|
0-0: Swinging Strike 0-1: Foul Ball, location: 2F 0-2: Ball 1-2: Foul Ball, location: 2F 1-2: Ball 2-2: Strikes out swinging
|
Batting: RHB Vicente Aguirre
|
0-0: Fly out, F3 (Popup, 3F)
|
Bottom of the 9th over - 0 run(s), 0 hit(s), 0 error(s), 0 left on base; Kansas City 6 - Madison 3 |
|